 Dungeon Crawl Stone Soup version 0.31-a0-232-gb1c03b2570 (webtiles) character file.

Game seed: 9736199601777628941

103 qw the Shooter (level 4, 0/36 HPs)
             Began as a Minotaur Hexslinger on July 7, 2023.
             Was an Initiate of Okawaru.
             Slain by an orc priest
             ... wielding a +0 hand axe
              (5 damage)
             ... on level 3 of the Dungeon.
             The game lasted 00:00:56 (1698 turns).

qw the Shooter (Minotaur Hexslinger)                Turns: 1698, Time: 00:00:57

Health: 0/36       AC:  3    Str: 19    XL:     4   Next: 51%
Magic:  4/4        EV: 12    Int: 10    God:    Okawaru [......]
Gold:   141        SH:  5    Dex: 14    Spells: 4/5 levels left

rFire   . . .        Y - +1 sling
rCold   + . .        (no shield)
rNeg    . . .        e - +0 leather armour
rPois   .            (helmet restricted)
rElec   .            (no cloak)
rCorr   .            (no gloves)
SInv    .            (no boots)
Will    .....        g - amulet of reflection
Stlth   +            f - ring of protection from cold
HPRegen 0.26/turn    h - +6 ring of strength
MPRegen 0.09/turn

%: reflection
@: no status effects
A: horns 2, retaliatory headbutt
a: Renounce Religion


You were on level 3 of the Dungeon.
You worshipped Okawaru.
Okawaru was noncommittal.
You visited 2 branches of the dungeon, and saw 5 of its levels.

You collected 141 gold pieces.


Innate Abilities, Weirdness & Mutations

You have a pair of horns on your head.
You reflexively headbutt those who attack you in melee.


   Skills:
 + Level 2.2 Fighting
 - Level 5.0 Ranged Weapons
 - Level 2.1 Dodging
 - Level 1.0 Spellcasting
 - Level 2.0 Hexes


You had 4 spell levels left.
You knew the following spells:

 Your Spells              Type           Power      Damage    Failure   Level
a - Slow                  Hex            16%        N/A       19%         1

Your spell library contained the following spells:

 Spells                   Type           Power      Damage    Failure   Level
 Inner Flame              Hex/Fire       2%         N/A       63%         3
 Portal Projectile        Hex/Tloc       4%         N/A       63%         3
 Cause Fear               Hex            2%         N/A       87%         4

Inventory:

Hand Weapons
 Y - a +1 sling (weapon)
Armour
 e - a +0 leather armour (worn)
Jewellery
 f - a ring of protection from cold (left hand)
 g - an amulet of reflection (around neck)
 h - a +6 ring of strength (right hand)
Wands
 c - a wand of digging (2)
Potions
 a - a potion of brilliance {unknown}
 b - a potion of degeneration {unknown}
 d - a potion of mutation {unknown}
 i - a potion of haste {unknown}
 j - a potion of lignification {unknown}
 k - a potion of curing

Dungeon Overview and Level Annotations

Branches:
Dungeon (4/15)             Temple (1/1) D:4

Altars:
Ashenzari
Cheibriados
Dithmenos
Fedhas
Kikubaaqudgha
Makhleb
Nemelex Xobeh
Okawaru
Qazlal
Ru
Trog
Uskayaw
Wu Jian
Xom
Yredelemnul
Zin
The Shining One


Message History

The orc is severely wounded.
You shoot a sling bullet. The sling bullet hits the orc.
The orc is heavily wounded.
You shoot a sling bullet.
The sling bullet hits the orc but does no damage.
The orc is heavily wounded.
An orc priest comes into view. It is wielding a +0 hand axe.
You shoot a sling bullet.
The sling bullet closely misses the orc. x2
The sling bullet hits the orc priest.
The orc priest is lightly wounded.
You shoot a sling bullet. The sling bullet barely misses the orc.
The sling bullet hits the orc.
You kill the orc!
Okawaru accepts your kill. The orc closely misses you.
You shoot a sling bullet. The sling bullet hits the orc.
You kill the orc!
Okawaru accepts your kill. The iguana completely misses you.
You shoot a sling bullet.
The sling bullet closely misses the iguana.
The iguana bites you! The iguana bites you.
You shoot a sling bullet.
The sling bullet hits the iguana but does no damage.
You block the iguana's attack.
You shoot a sling bullet. The sling bullet hits the orc priest.
The orc priest is moderately wounded.
You block the orc priest's attack. The iguana bites you.
You shoot a sling bullet.
The sling bullet closely misses the orc priest.
The orc priest invokes the aid of Beogh against you.
Beogh smites you! The iguana bites you!
You shoot a sling bullet. The sling bullet hits the orc priest.
The orc priest is moderately wounded.
You block the orc priest's attack. The iguana barely misses you.
You shoot a sling bullet. The sling bullet hits the orc priest.
The orc priest is heavily wounded.
The orc priest hits you with a +0 hand axe.
You die...

#...# #...#... ##### #.###.#.
######### #####.###.#.
...$....# #.......#.#.
........# #.###.#.#.#.
........# #.....#.#.#.
........# #######....%
........####### ##)....
....))o@......# ##......
......l.......###.......
..............##........
########........###.......
#......?........####......
#.........................
####.:......................#
#.............###..........##
#...>.........# #..........#


You could see an iguana and an orc priest.

Vanquished Creatures
  An adder (D:2)
  3 worms
  2 dart slugs (D:2)
  3 orcs (D:3)
  11 ball pythons
  5 endoplasms
  5 giant cockroaches
  10 goblins
  6 hobgoblins
  4 jackals (D:1)
  2 quokkas
  7 bats
  5 frilled lizards
  5 kobolds
  5 rats
74 creatures vanquished.

Notes
Turn   | Place    | Note
-------+----------+-------------------------------------------
     0 | D:1      | qw the Minotaur Hexslinger began the quest for the Orb.
     0 | D:1      | Reached XP level 1. HP: 16/16 MP: 1/1
     0 | D:1      | 0 ||| qw: Version: 0.3-a-46-gb1f654a
     0 | D:1      | 0 ||| qw: Game counter: 2721
     0 | D:1      | 0 ||| qw: Melee chars always use a shield: true
     0 | D:1      | 0 ||| qw: God list: Okawaru
     0 | D:1      | 0 ||| qw: Allow faded altars: false
     0 | D:1      | 0 ||| qw: Do Orc after clearing Dungeon:15 true
     0 | D:1      | 0 ||| qw: Do second Lair branch before Depths: true
     0 | D:1      | 0 ||| qw: Lair rune preference: random
     0 | D:1      | 0 ||| qw: Goals: Normal
     0 | D:1      | 0 ||| PLANNING D:1-11
   169 | D:1      | Reached skill level 3 in Ranged Weapons
   170 | D:1      | Reached XP level 2. HP: 18/23 MP: 2/2
   508 | D:1      | Reached XP level 3. HP: 26/29 MP: 3/3
   602 | D:1      | 602 ||| UPGRADING to +0 leather armour.
   612 | D:1      | 612 ||| DROPPING +0 robe.
   613 | D:1      | 613 ||| UPGRADING to amulet of reflection.
   618 | D:1      | 618 ||| UPGRADING to ring of protection from cold.
   619 | D:1      | 619 ||| READING scroll labelled NATOAREEKK.
   620 | D:1      | 620 ||| DROPPING scroll of poison.
   661 | D:2      | You fall into a shaft and drop 2 floors!
   693 | D:4      | Found a staircase to the Ecumenical Temple.
   694 | D:4      | 694 ||| PLANNING TEMPLE
   694 | D:4      | 694 ||| READING scroll labelled MUOPNA LANIU.
   695 | D:4      | 695 ||| READING scroll labelled RELOMM LUOLOHI.
   704 | Temple   | Entered the Ecumenical Temple
   704 | Temple   | Found a transporter.
   704 | Temple   | Found a transporter.
   706 | Temple   | Found a transporter.
   706 | Temple   | Found a transporter.
   716 | Temple   | 716 ||| PLANNING D:1-11
   719 | Temple   | 719 ||| PLANNING OKAWARU WORSHIP
   724 | Temple   | Became a worshipper of Warmaster Okawaru
   725 | Temple   | 725 ||| PLANNING D:1-11
   892 | D:3      | 892 ||| UPGRADING to +6 ring of strength.
   893 | D:3      | 893 ||| READING scroll labelled CEDDOCH JOBBI.
   906 | D:2      | Reached skill level 4 in Ranged Weapons
  1180 | D:2      | Reached XP level 4. HP: 36/36 MP: 4/4
  1290 | D:2      | 1290 ||| READING scroll labelled HIOPSUIPNIO.
  1291 | D:2      | 1291 ||| DRINKING 2 sapphire potions.
  1606 | D:3      | Reached skill level 5 in Ranged Weapons
  1696 | D:3      | HP: 4/36 [iguana (8)]
  1698 | D:3      | Slain by an orc priest

Levels and vault maps discovered:
D:1:      dpeg_arrival_windows_large_door, layout_basic
D:2:      layout_rooms
D:3:      layout_basic
D:4:      layout_basic, minmay_temple_entry_purple_smoke, st_stairs_1,
          serial_bayou_pond_c, uniq_pargi
Temple:   hellmonk_temple_divided_pantheon

Skill      XL: |  1  2  3  4 |
---------------+-------------+-----
Ranged Weapons | 3 4 5 |  5.0
Fighting       | 2 |  2.2
Dodging        | |  2.1
Spellcasting   | |  1.0
Hexes          | |  2.0

Action                     |  1- 3 |  4- 6 || total
---------------------------+-------+-------++-------
   Fire: Sling             |   150 |    66 ||   216
    Use: Scroll            |     4 |     1 ||     5
         Potion            |       |     1 ||     1
 Armour: Robe              |     3 |       ||     3
         Leather armour    |    13 |     4 ||    17
  Dodge: Dodged            |    44 |    11 ||    55
  Block: Other             |     9 |     7 ||    16
         Reflection        |     2 |       ||     2

Table legend:
 A = Non-vault XP
 B = Vault XP
 C = Vault XP percentage of total XP
 D = Non-vault monster count
 E = Vault monster count
 F = Vault count percentage of total count
                 A         B        C        D         E       F
            +---------+---------+-------+---------+---------+-------
      Total |     148 |       0 |   0.0 |      74 |       0 |   0.0
            +---------+---------+-------+---------+---------+-------
        D:1 |      42 |       0 |   0.0 |      25 |       0 |   0.0
        D:2 |      64 |       0 |   0.0 |      26 |       0 |   0.0
        D:3 |      38 |       0 |   0.0 |      21 |       0 |   0.0
        D:4 |       4 |       0 |   0.0 |       2 |       0 |   0.0
            +---------+---------+-------+---------+---------+-------
